 Dungeon Crawl Stone Soup version 0.14-a0-2162-g062a2ce (webtiles) character file.

206 MirrMurr the Sneak (level 4, -4/21 HPs)
             Began as a Spriggan Enchanter on Jan 28, 2014.
             Killed from afar by Kae's ghost (21 damage)
             ... with a flame
             ... on Level 3 of the Dungeon.
             The game lasted 00:13:43 (3082 turns).

MirrMurr the Sneak (Spriggan Enchanter)             Turns: 3082, Time: 00:13:44

HP  -4/21        AC  3     Str  5      XL: 4   Next: 49%
MP   7/12        EV 18     Int 16      God:
Gold 104         SH  0     Dex 16      Spells:  3 memorised,  2 levels left

rFire  . . .     SeeInvis +     a - +1,+2 dagger
rCold  . . .     Clarity  .     j - +1 robe
rNeg   . . .     Conserve .     (shield restricted)
rPois  .         rCorr    .     (helmet restricted)
rElec  .         rRot     .     (no cloak)
SustAb . .       Spirit   .     (gloves unavailable)
rMut   .         Warding  .     (boots unavailable)
Saprov . . .     Stasis   .     (no amulet)
MR     .....                    (no ring)
                                (no ring)

@: very slightly contaminated, very quick, not resistant to hostile
enchantments, very stealthy
A: unfitting armour, see invisible, herbivore 3, speed 3, slow metabolism 2
a: no special abilities


You were on level 3 of the Dungeon.
You were full.

You visited 1 branch of the dungeon, and saw 3 of its levels.

You collected 104 gold pieces.

Inventory:

Hand weapons
 a - a +1,+2 dagger (weapon)
 b - a +1,+1 sling
Missiles
 d - 12 darts (quivered)
 m - 26 sling bullets
 p - 52 stones
Armour
 j - a +1 robe (worn)
 o - a +2 robe
Comestibles
 f - 2 bread rations
Scrolls
 i - 3 scrolls of remove curse {unknown}
 l - a scroll of curse weapon {unknown}
 n - a scroll of amnesia {unknown}
 r - a scroll of magic mapping {unknown}
 t - a scroll of recharging {unknown}
 y - a scroll of teleportation {unknown}
Potions
 e - a potion of porridge
 h - 2 potions of brilliance
Books
 c - a book of Maledictions

   Spells                             Type                      Level
   *Corona                            Hexes                        1
   Sure Blade                         Hexes/Charms                 2
   *Ensorcelled Hibernation           Hexes/Ice                    2
   *Confuse                           Hexes                        3
   Enslavement                        Hexes                        4
   Invisibility                       Hexes                        6


   Skills:
 + Level 2.4 Short Blades
 - Level 1.1 Throwing
 - Level 3.0 Dodging
 + Level 6.7 Stealth
 - Level 2.6 Spellcasting
 - Level 3.6 Hexes


You had 2 spell levels left.
You knew the following spells:

 Your Spells              Type           Power        Failure   Level  Hunger
a - Ensorcelled Hibernat  Hex/Ice        #.....       17%         2    ##.....
b - Confuse               Hex            ##......     14%         3    ###....
Z - Corona                Hex            ##.....      6%          1    #......


Dungeon Overview and Level Annotations

Branches:
Dungeon (3/16)

Altars:
Cheibriados

Annotations:
D:3 Kae's ghost, average TeFE


Innate Abilities, Weirdness & Mutations

You are tiny and cannot use many weapons and most armour.
You have supernaturally acute eyesight.
You are a herbivore.
You cover ground extremely quickly.
You need consume almost no food.


Message History

Press: ? - help, Shift-Dir - straight line, f/p - Kae's ghost
Aim: Kae's ghost Kae's ghost appears confused.
You closely miss Kae's ghost. Kae's ghost hits you.
You catch the helpless Kae's ghost completely off-guard!
You slice Kae's ghost!!
Kae's ghost is severely damaged.
You hit Kae's ghost.
Kae's ghost is severely damaged.
Kae's ghost seems less confused.
Kae's ghost hits you but does no damage.
You closely miss Kae's ghost.
Kae's ghost is severely damaged.
Kae's ghost closely misses you.
You hit Kae's ghost but do no damage.
Kae's ghost is severely damaged.
Kae's ghost issues a gush of flame.
The flame hits you!
Ouch! That really hurt!
You die...

#.##.# #.##.#
#.##.# #.##.#
#####.##.#
#(.(...!.#
.####.##...#.###
.............p?.###
.#####.....@.....#
#.........#..#
#.<......%# ..#
#.........# .#
##.......## #
##.....## ##......
...#.###. ####.#


You could see Kae's ghost.

Vanquished Creatures
  3 gnolls (D:2)
  2 adders (D:2)
  An orc (D:3)
  A ball python (D:1)
  9 bats
  7 goblins
  6 hobgoblins
  3 jackals (D:2)
  4 giant cockroaches
  4 giant newts
  7 kobolds
  6 rats
53 creatures vanquished.

Notes
Turn   | Place    | Note
--------------------------------------------------------------
     0 | D:1      | MirrMurr, the Spriggan Enchanter, began the quest for the Orb.
     0 | D:1      | Reached XP level 1. HP: 9/9 MP: 4/4
   108 | D:1      | Reached skill level 4 in Stealth
   180 | D:1      | Reached XP level 2. HP: 11/13 MP: 7/7
   203 | D:1      | Learned a level 2 spell: Ensorcelled Hibernation
   891 | D:1      | Reached skill level 5 in Stealth
  1264 | D:2      | Reached XP level 3. HP: 14/16 MP: 1/9
  1269 | D:2      | Learned a level 3 spell: Confuse
  1417 | D:2      | Reached skill level 6 in Stealth
  1710 | D:2      | Reached XP level 4. HP: 11/21 MP: 9/12
  2085 | D:2      | Found a snail-covered altar of Cheibriados.
  2440 | D:3      | Noticed Kae's ghost (average TeFE)
  3082 | D:3      | Killed from afar by Kae's ghost

Action                   |  1- 3 |  4- 6 || total
-------------------------+-------+-------++-------
Melee: Dagger            |   132 |    69 ||   201
 Fire: Sling             |    26 |       ||    26
Throw: Dart              |     2 |       ||     2
 Cast: Corona            |     3 |     1 ||     4
       Ensorcelled Hiber |     6 |     6 ||    12
       Confuse           |       |     7 ||     7
  Use: Scroll            |     2 |     4 ||     6
       Potion            |       |     4 ||     4
 Stab: Sleeping          |     8 |     5 ||    13
       Confused          |       |     1 ||     1
